 Dungeon Crawl Stone Soup version 0.22.1-2-g9c5b331 (webtiles) character file.

2797 empire the Carver (level 9, 0/71 HPs)
             Began as a Minotaur Fighter on Nov 19, 2018.
             Was an Elder of Cheibriados.
             Slain by an orc warrior
             ... wielding a +0 trident
              (10 damage)
             ... on level 8 of the Dungeon.
             The game lasted 00:11:48 (6525 turns).

empire the Carver (Minotaur Fighter)                Turns: 6525, Time: 00:11:49

Health: 0/71       AC: 10    Str: 33    XL:     9   Next: 43%
Magic:  8/8        EV: 10    Int: 15    God:    Cheibriados [****..]
Gold:   374        SH: 12    Dex: 26    Spells: 6/8 levels left

rFire    . . .     SeeInvis .   a - +0 long sword
rCold    . . .     Gourm    .   c - +0 shield
rNeg     . . .     Faith    .   l - +0 chain mail
rPois    +         Spirit   .   (helmet restricted)
rElec    .         Reflect  .   w - +0 cloak {MR+}
rCorr    .         Harm     .   (no gloves)
MR       +....                  (no boots)
Stlth    ..........             (no amulet)
HPRegen  0.21/turn              g - ring of poison resistance
MPRegen  0.11/turn              r - +5 ring of dexterity

@: very slow
A: retaliatory headbutt, horns 2
a: Bend Time, Temporal Distortion, Slouch, Renounce Religion


You were on level 8 of the Dungeon.
You worshipped Cheibriados.
Cheibriados was greatly pleased with you.
You were not hungry.

You visited 2 branches of the dungeon, and saw 9 of its levels.

You collected 374 gold pieces.

Inventory:

Hand Weapons
 a - a +0 long sword (weapon)
Armour
 c - a +0 shield (worn)
 l - a +0 chain mail (worn)
 w - a +0 cloak of magic resistance (worn)
Jewellery
 e - an uncursed ring of positive energy
 g - a ring of poison resistance (left hand)
 r - a +5 ring of dexterity (right hand)
 v - an uncursed ring of stealth
 y - the ring "Jopoural" {Dex+2 Stlth+}
   (You found it on level 4 of the Dungeon)

   [ring of dexterity]

   It affects your dexterity (+2).
   It makes you more stealthy.
 C - an uncursed ring of protection from cold {unknown}
 I - an uncursed amulet of the acrobat {unknown}
Wands
 A - a wand of iceblast (23)
 H - a wand of polymorph (18)
 J - a wand of acid (6)
Scrolls
 b - 3 scrolls of enchant weapon {unknown}
 i - 3 scrolls of magic mapping {unknown}
 k - a scroll of immolation {unknown}
 m - 9 scrolls of identify {unknown}
 n - a scroll of enchant armour {unknown}
 p - 2 scrolls of remove curse {unknown}
 q - 4 scrolls of teleportation {unknown}
 z - 2 scrolls of amnesia {unknown}
 B - a scroll of fear {unknown}
 G - a scroll of fog {unknown}
Potions
 d - a potion of might
 h - 2 potions of curing
 j - 2 potions of invisibility {unknown}
 o - a potion of lignification {unknown}
 s - a potion of flight {unknown}
 t - a potion of heal wounds
 u - 3 potions of magic {unknown}
 x - 2 potions of degeneration {unknown}
 D - 2 potions of haste
 F - 2 potions of brilliance {unknown}
Comestibles
 f - 7 rations
 E - 4 chunks of flesh


   Skills:
 - Level 4.0 Fighting
 - Level 14.0 Long Blades
 - Level 4.0 Armour
 - Level 4.0 Dodging
 - Level 4.0 Shields
 + Level 0.1 Invocations
 + Level 0.1 Evocations


You had 6 spell levels left.
You knew the following spells:

 Your Spells              Type           Power        Failure   Level  Hunger
a - Blink                 Tloc           N/A          100%        2    ###....

Your spell library contained the following spells:

 Spells                   Type           Power        Failure   Level  Hunger
 Animate Skeleton         Necr           N/A          99%         1    ##.....
 Apportation              Tloc           #.....       99%         1    ##.....
 Confusing Touch          Hex            #.....       99%         1    ##.....
 Magic Dart               Conj           #...         99%         1    ##.....
 Sting                    Conj/Pois      #...         99%         1    ##.....
 Summon Small Mammal      Summ           #...         99%         1    ##.....
 Call Imp                 Summ           #.......     100%        2    ###....
 Poisonous Vapours        Pois/Air       #.....       100%        2    ###....
 Slow                     Hex            #.......     100%        2    ###....
 Conjure Flame            Conj/Fire      #.......     100%        3    ####...
 Mephitic Cloud           Conj/Pois/Air  #.......     100%        3    ####...
 Olgreb's Toxic Radiance  Pois           #.......     100%        4    #####..
 Venom Bolt               Conj/Pois      #.........   100%        5    ######.


Dungeon Overview and Level Annotations

Branches:
Dungeon (8/15)             Temple (1/1) D:5
   Lair: D:8-11

Altars:
Ashenzari
Cheibriados
Dithmenos
Elyvilon
Fedhas
Gozag
Hepliaklqana
Kikubaaqudgha
Makhleb
Nemelex Xobeh
Okawaru
Qazlal
Ru
Sif Muna
Trog
Uskayaw
Vehumet
Wu Jian
Xom
Yredelemnul
Zin
The Shining One

Shops:
D:6 *


Innate Abilities, Weirdness & Mutations

You reflexively headbutt those who attack you in melee.
You have a pair of horns on your head.


Message History

You kill the orc!
Cheibriados appreciates the change of pace.
The orc warrior hits you but does no damage.
You hit the orc but do no damage. You headbutt the orc.
The orc is moderately wounded.
The orc hits you but does no damage.
The orc warrior hits you from afar with a trident!
* * * LOW HITPOINT WARNING * * *
You hit the orc. You headbutt the orc.
You kill the orc!
Cheibriados appreciates the change of pace.
You hit the orc. You headbutt the orc, but do no damage.
The orc is moderately wounded.
The orc warrior hits you from afar with a trident.
* * * LOW HITPOINT WARNING * * *
You block the orc's attack. The orc hits you but does no damage.
You hit the orc but do no damage. You headbutt the orc, but do no damage.
The orc is moderately wounded.
The orc warrior hits you from afar with a trident!
You die...

###.#### #...# ..#....#
#...# #>####.# #...#
#.####.## #...# ##.
........######)).####.(..
#.####.......†)).......#.
..............<[.........
..###..#...............##
#####..#######..@####....
##.....# #..)o.# ###
##.##### #)oo..# ##.#
#.....# ...# #<.!?...
#### ...#...#.#
>...##.##.# ### ... .. .#
..#


You could see an orc warrior and 2 orcs.

Vanquished Creatures
  3 orc warriors
  A phantom (D:4)
  3 centaurs
  3 bullfrogs
  2 scorpions
  4 killer bees (D:7)
  9 howler monkeys
  2 crimson imps
  A centaur zombie (D:5)
  4 bullfrog zombies
  A jelly (D:8)
  A bullfrog skeleton (D:7)
  4 hounds
  8 orc priests
  Crazy Yiuf (D:3)
  10 orc wizards
  3 iguanas
  6 worker ants
  3 gnolls (D:6)
  4 adders
  2 oozes
  A worm (D:2)
  3 dart slugs
  5 leopard geckos
  42 orcs
  2 bats
  2 giant cockroaches (D:1)
  8 goblins
  4 hobgoblins
  18 jackals
  4 quokkas
  4 frilled lizards
  5 kobolds
  A quokka skeleton (D:5)
  7 rats
181 creatures vanquished.

Notes
Turn   | Place    | Note
-------+----------+-------------------------------------------
     0 | D:1      | empire the Minotaur Fighter began the quest for the Orb.
     0 | D:1      | Reached XP level 1. HP: 19/19 MP: 0/0
   161 | D:1      | Reached XP level 2. HP: 25/27 MP: 1/1
   206 | D:1      | Reached skill level 3 in Long Blades
   364 | D:1      | Found a snail-covered altar of Cheibriados.
   371 | D:1      | Became a worshipper of Cheibriados the Contemplative
   723 | D:2      | Reached XP level 3. HP: 28/33 MP: 2/2
   927 | D:2      | Reached skill level 4 in Long Blades
  1148 | D:2      | Found an opulent altar of Gozag.
  1184 | D:2      | Reached XP level 4. HP: 39/40 MP: 3/3
  1313 | D:2      | Reached * piety under Cheibriados
  1380 | D:2      | Found a hazy altar of Hepliaklqana.
  1381 | D:2      | Found a glowing golden altar of the Shining One.
  1586 | D:3      | Reached skill level 5 in Long Blades
  1601 | D:3      | Reached XP level 5. HP: 27/46 MP: 4/4
  1941 | D:3      | Found a runed door.
  2324 | D:3      | Reached skill level 6 in Long Blades
  2436 | D:3      | Noticed Crazy Yiuf
  2444 | D:3      | Killed Crazy Yiuf
  2695 | D:4      | Got a translucent lead ring
  2697 | D:4      | Identified the ring "Jopoural" {Dex+2 Stlth+} (You found it
                  | on level 4 of the Dungeon)
  2769 | D:4      | Reached ** piety under Cheibriados
  2799 | D:4      | Reached skill level 7 in Long Blades
  2799 | D:4      | Reached XP level 6. HP: 40/52 MP: 5/5
  2847 | D:4      | Reached skill level 8 in Long Blades
  3075 | D:4      | Reached XP level 7. HP: 36/59 MP: 6/6
  3249 | D:4      | Reached skill level 9 in Long Blades
  3583 | D:5      | Entered Level 5 of the Dungeon
  3923 | D:5      | Found a staircase to the Ecumenical Temple.
  3948 | Temple   | Entered the Ecumenical Temple
  4139 | D:5      | Reached skill level 10 in Long Blades
  4154 | D:5      | Found a shattered altar of Ashenzari.
  4263 | D:5      | Reached *** piety under Cheibriados
  4279 | D:5      | Learned a level 2 spell: Blink
  4414 | D:5      | Reached skill level 1 in Dodging
  4624 | D:6      | Found an opulent altar of Gozag.
  4628 | D:6      | Found Gozag's Platinum Reserve.
  4685 | D:6      | Reached XP level 8. HP: 66/66 MP: 7/7
  4845 | D:6      | Found a hide-covered altar of Uskayaw.
  4860 | D:6      | Reached skill level 11 in Long Blades
  5502 | D:7      | Reached **** piety under Cheibriados
  5584 | D:7      | Reached skill level 12 in Long Blades
  5612 | D:7      | Reached XP level 9. HP: 58/71 MP: 8/8
  5723 | D:7      | Found a bloodstained altar of Trog.
  5745 | D:7      | Reached skill level 13 in Long Blades
  6513 | D:8      | Reached skill level 14 in Long Blades
  6525 | D:8      | Slain by an orc warrior

Skill      XL: |  1  2  3  4  5  6  7  8  9 |
---------------+----------------------------+-----
Long Blades    | 3 4 5 7 8 10 12 14 | 14.0
Fighting       | 4 |  4.0
Armour         | 4 |  4.0
Shields        | 4 |  4.0
Dodging        | 1 4 |  4.0
Invocations    | |  0.1
Evocations     | |  0.1

Action                   |  1- 3 |  4- 6 |  7- 9 || total
-------------------------+-------+-------+-------++-------
Melee: Long sword        |    81 |   136 |   231 ||   448
       Headbutt          |     9 |    32 |    91 ||   132
  Use: Potion            |       |     1 |     1 ||     2
  Eat: Chunk             |     2 |     3 |     6 ||    11
Armor: Scale mail        |     8 |       |       ||     8
       Chain mail        |    23 |    94 |    79 ||   196
Dodge: Dodged            |    17 |    37 |    72 ||   126
Block: Shield            |    55 |    87 |   154 ||   296
       Rpst.: Long sword |     5 |    13 |    19 ||    37
